Map: Ruinen von Seras

Players

BlueWin

  • Race: Terran Terran
  • League: Master

DemeGer - Winner!

  • Race: Zerg Zerg
  • League: Diamond

VOD

Have the link to the VOD?

Description

Time

  • Played on: Feb. 29, 2016, 6:25 p.m.
  • Length: 7:38
Show
View Real Time Build Order
Export as new Build Order

BlueWin Terran 

Build Orders: Command Center First (CC) 

Get SALT Encoding   

  12  0:00  SCV  
  13  0:13  SCV  
  14  0:18  Supply Depot  
  14  0:25  SCV  
  15  0:40  SCV  
  16  0:52  SCV  
  17  1:03  Command Center  
  17  1:08  SCV  
  18  1:20  SCV, Barracks  
  19  1:31  Refinery  
  19  1:32  SCV  
  20  1:37  Refinery  
  20  1:44  SCV  
  21  1:56  SCV  
  22  2:07  Marine  
  23  2:10  Orbital Command  
  23  2:15  Orbital Command  
  23  2:25  Factory  
  23  2:28  Barracks Reactor  
  23  2:37  SCV  
  24  2:44  Barracks  
  24  2:47  SCV  
  25  2:52  SCV  
  26  2:59  SCV, Supply Depot  
  26  3:05  Marine x2  
  29  3:19  SCV x2  
  31  3:23  Marine x2  
  31  3:24  Bunker  
  31  3:34  Marine, SCV  
  31  3:36  Starport  
  31  3:39  Widow Mine  
  31  3:41  Marine  
  35  3:45  SCV  
  37  3:48  Marine  
  37  3:52  Marine  
  37  3:53  SCV  
  40  3:57  SCV  
  40  3:59  Marine  
  42  4:05  SCV  
  43  4:14  Starport Reactor  
  43  4:15  Barracks Reactor, Factory Tech Lab  
  43  4:18  Barracks  
  43  4:21  SCV x2  
  45  4:32  Supply Depot  
  45  4:33  SCV  
  45  4:34  Supply Depot  
  45  4:36  Bunker  
  46  4:54  SCV x2, Siege Tank  
  46  4:55  Marine  
  46  4:56  Marine x2  
  54  5:00  Supply Depot  
  54  5:01  Supply Depot  
  54  5:03  Medivac  
  54  5:06  SCV x2  
  58  5:07  Barracks Tech Lab  
  58  5:18  SCV x2  
  58  5:20  Command Center  
  59  5:28  Marine  
  59  5:29  Marine, Siege Tank  
  59  5:30  SCV  
  59  5:32  SCV  
  66  5:39  Refinery, Supply Depot  
  66  5:40  Refinery  
  66  5:41  Marine x2  
  68  5:42  SCV  
  68  5:45  Marauder  
  70  5:55  SCV x2  
  70  5:56  Marine  
  73  5:58  Medivac x2  
  77  6:04  Supply Depot  
  77  6:07  Marauder  
  79  6:16  Engineering Bay  
  79  6:17  SCV, Engineering Bay  
  80  6:19  Marine, Armory  
  80  6:20  Marine  
  80  6:23  SCV, Liberator  
  83  6:28  Medivac  
  83  6:29  Marine, Marauder  
  83  6:31  SCV  
  89  6:35  Orbital Command  
  89  6:42  SCV  
  89  6:46  SCV  
  94  6:48  Marine x3  
  94  6:52  Missile Turret  
  97  6:55  SCV  
  97  6:57  Missile Turret  
  98  7:07  Marine x2  
  98  7:08  Marine x2  
  98  7:09  Marauder  
Show
View Real Time Build Order
Export as new Build Order

DemeGer Zerg - Winner!

Build Orders: Hatch First 

Get SALT Encoding   

  12  0:01  Drone  
  13  0:11  Drone  
  14  0:19  Overlord  
  14  0:25  Extractor  
  14  0:27  Extractor, Drone  
  13  0:31  Drone  
  16  0:38  Drone  
  17  0:44  Drone  
  18  1:01  Hatchery  
  18  1:03  Drone  
  18  1:07  Drone  
  19  1:17  Drone  
  20  1:25  Spawning Pool  
  19  1:29  Drone  
  20  1:39  Extractor, Drone  
  20  1:48  Overlord  
  20  2:00  Drone  
  21  2:10  Drone  
  21  2:14  Queen x2  
  27  2:15  Zergling x2  
  27  2:21  Zergling x2  
  28  2:28  Overlord  
  28  2:33  Drone  
  29  2:37  Drone  
  29  2:39  Metabolic Boost  
  29  2:42  Drone  
  31  2:45  Drone  
  32  2:53  Queen x2  
  36  2:59  Drone  
  36  3:00  Drone  
  38  3:08  Drone  
  38  3:09  Drone  
  40  3:18  Drone  
  40  3:19  Drone  
  42  3:31  Hatchery, Lair  
  42  3:34  Drone x2  
  41  3:41  Drone x3  
  41  3:45  Overlord  
  44  3:57  Roach Warren  
  44  3:59  Drone  
  44  4:00  Extractor x2  
  42  4:08  Drone x3  
  42  4:09  Drone x3  
  48  4:11  Drone x2  
  50  4:20  Drone x2  
  50  4:21  Evolution Chamber, Overlord  
  51  4:34  Zergling x2  
  51  4:36  Overlord x2  
  52  4:46  Zerg Missile Weapons Level 1, Extractor  
  52  4:47  Glial Reconstitution  
  52  4:49  Drone x2  
  52  4:50  Drone x4  
  58  4:52  Drone  
  58  5:06  Roach  
  58  5:07  Roach x4  
  64  5:11  Overseer, Spore Crawler  
  67  5:21  Drone x5  
  69  5:22  Drone  
  69  5:26  Overlord x2  
  73  5:36  Nydus Network, Overseer  
  73  5:40  Overlord  
  72  5:54  Roach x7  
  86  6:11  Roach x9  
  88  6:17  Roach  
  106  6:23  Overlord x4  
  106  6:36  Overlord  
  106  6:37  Overlord  
  106  6:40  Queen x2  
  106  6:41  Roach  
  106  6:45  Nydus Canal  
  112  6:48  Roach x5  
  112  6:49  Roach  
  125  6:54  Zergling x2  
  125  6:58  Roach x4  
  133  7:15  Roach x6  
Tags
 
Add a new tag
Caveats
  • Supply blocks, unpowered buildings, or Contaminate may cause inaccurate times.
  • Supply counts are checked every 10 seconds.